 Dungeon Crawl Stone Soup version 0.29-a0-91-gdebf4667c2 (webtiles) character file.

Game seed: 2048068258135369651

46 lordive the Sneak (level 3, 0/19 HPs)
             Began as a Kobold Enchanter on Feb 7, 2022.
             Slain by a goblin (3 damage)
             ... led by Robin
             ... on level 2 of the Dungeon.
             The game lasted 00:02:58 (2145 turns).

lordive the Sneak (Kobold Enchanter)                Turns: 2145, Time: 00:02:58

Health: 0/19       AC:  2    Str:  5    XL:     3   Next: 95%
Magic:  6/6        EV: 15    Int: 18    God:
Gold:   81         SH:  0    Dex: 15    Spells: 1/6 levels left

rFire   . . .      SeeInvis .   a - +1 dagger
rCold   . . .      Faith    .   (no shield)
rNeg    . . .      Spirit   .   b - +0 robe
rPois   .          Reflect  .   (no helmet)
rElec   .          Harm     .   (no cloak)
rCorr   .          Rampage  .   (no gloves)
Will    .....                   (no boots)
Stlth   ++++......              (no amulet)
HPRegen 0.06/turn               (no ring)
MPRegen 0.10/turn               (no ring)

@: no status effects
A: small, no large weapons, nightstalker 3
a: no special abilities


You were on level 2 of the Dungeon.
You visited 1 branch of the dungeon, and saw 2 of its levels.

You collected 81 gold pieces.

Inventory:

Hand Weapons
 a - a +1 dagger (weapon)
Armour
 b - a +0 robe (worn)
 i - a +0 leather armour
Jewellery
 h - a ring of magical power
Scrolls
 d - a scroll of blinking {unknown}
 e - a scroll of teleportation {unknown}
 g - a scroll of fear {unknown}
Potions
 c - a potion of invisibility
 f - a potion of attraction {unknown}


   Skills:
 + Level 0.2 Fighting
 + Level 1.9 Short Blades
 + Level 2.5 Dodging
 + Level 5.1 Stealth
 + Level 2.3 Spellcasting
 + Level 3.4 Hexes
 + Level 0.4 Ice Magic


You had one spell level left.
You knew the following spells:

 Your Spells              Type           Power      Damage    Failure   Level
a - Ensorcelled Hibernat  Hex/Ice        18%        N/A       12%         2
b - Confusing Touch       Hex            14%        N/A       12%         3

Your spell library contained the following spells:

 Spells                   Type           Power      Damage    Failure   Level
 Tukima's Dance           Hex            14%        N/A       12%         3
 Dazzling Flash           Conj/Hex       16%        N/A       26%         3
 Yara's Violent Unravell  Hex/Tmut       4%         3d4       93%         5
 Enfeeble                 Hex            7%         N/A       100%        7


Dungeon Overview and Level Annotations

Branches:
Dungeon (2/15)

Altars:

Annotations:
D:2 Robin


Innate Abilities, Weirdness & Mutations

You are small and have problems with some larger weapons.
You are completely attuned to the shadows.


Message History

You miss the goblin.
The goblin is severely wounded.
The goblin barely misses you. x2
You hit the goblin.
You kill the goblin!
You closely miss the goblin. Your punch misses the goblin.
Robin throws the goblin at you! The goblin hits you with a +0 dagger.
The goblin completely misses you.
A hobgoblin comes into view.
You hit the goblin.
The goblin is severely wounded.
The goblin hits you with a +0 dagger.
You hit the goblin.
You kill the goblin!
You hit the goblin.
The goblin is moderately wounded.
The hobgoblin no longer looks unusually strong.
The goblin hits you with a +0 dagger.
You hit the goblin.
The goblin is severely wounded.
The goblin misses you.
You closely miss the goblin.
The goblin is severely wounded.
The goblin barely misses you.
Robin roars a battlecry!
The hobgoblin goes into a battle-frenzy!
The goblin hits you with a +0 club.
* * * LOW HITPOINT WARNING * * *
The hobgoblin shouts!
The goblin no longer looks unusually strong. x2
Casting: Ensorcelled Hibernation (safe; 12% risk of failure)
Confirm with . or Enter, or press ? or * to list all spells.
Aiming: Ensorcelled Hibernation (safe; 12% risk of failure)
Press: ? - help, Shift-Dir - straight line, f - goblin
Aim: a goblin, wielding a +0 dagger (moderately wounded, chance to affect: 61%)
Okay, then.
The goblin closely misses you.
There is a stone staircase leading up here.
The goblin hits you with a +0 dagger.
You die...

#..# #..# #..# #..#
#.g# #..# #..#
#..##### #..gg@.#
#############.###.#
..............# #.#
##.############ #.#
##.##### #.#
.......# #.#
##.###.# #.# #.#
#.# #.# #.#
#.##########.#


You could see 2 goblins.

Vanquished Creatures
  A dart slug (D:1)
  A ball python (D:1)
  A bat (D:1)
  2 endoplasms
  A giant cockroach (D:2)
  4 goblins (D:2)
  5 hobgoblins
  5 jackals (D:1)
  3 quokkas (D:1)
  6 frilled lizards (D:1)
  6 kobolds (D:1)
  4 rats (D:1)
39 creatures vanquished.

Vanquished Creatures (others)
  10 plants (D:1)
10 creatures vanquished.

Grand Total: 49 creatures vanquished

Notes
Turn   | Place    | Note
-------+----------+-------------------------------------------
     0 | D:1      | lordive the Kobold Enchanter began the quest for the Orb.
     0 | D:1      | Reached XP level 1. HP: 10/10 MP: 3/3
   205 | D:1      | Reached XP level 2. HP: 15/15 MP: 5/5
   236 | D:1      | Learned a level 2 spell: Ensorcelled Hibernation
   837 | D:1      | Reached skill level 5 in Stealth
   837 | D:1      | Reached XP level 3. HP: 7/19 MP: 2/6
  1479 | D:1      | Learned a level 3 spell: Confusing Touch
  1580 | D:1      | Found a faded altar of an unknown god.
  2084 | D:2      | Identified the +0 helmet of Grottiness {rN+ Will+ Regen+
                  | Int-4}
  2084 | D:2      | Noticed Robin
  2145 | D:2      | Slain by a goblin

Illustrated notes

Levels and vault maps discovered:
D:1:      saegor_arrival_simple_e, layout_basic, serial_rivers,
          chequers_serial_rivers_small_a, chequers_serial_rivers_micro_c,
          chequers_serial_rivers_small_a, chequers_serial_rivers_room_a,
          chequers_serial_rivers_micro_a, chequers_serial_rivers_marsh,
          hellmonk_ecumenical_altar_inner_sanctum, lexackson_kobold_supper
D:2:      layout_loops_ring, basic_altar, minmay_fountain_box,
          small_statue_intersection, uniq_robin

Skill      XL: |  1  2 |
---------------+-------+-----
Stealth        | 5 |  5.1
Fighting       | |  0.2
Short Blades   | |  1.9
Dodging        | |  2.5
Spellcasting   | |  2.3
Hexes          | |  3.4
Ice Magic      | |  0.4

Action                   || total
-------------------------++-------
Melee: Dagger            ||    96
       Punch             ||     2
 Cast: Ensorcelled Hiber ||    25
 Stab: Sleeping          ||    33
Armor: Robe              ||    15
Dodge: Dodged            ||    58

Table legend: (Time is in decaauts)
 A = Elapsed time spent in this place.
 B = Non-inter-level travel time spent in this place.
 C = Inter-level travel time spent in this place.
 D = Time resting spent in this place.
 E = Time spent auto-exploring this place.
 F = Levels seen in this place.
 G = Mean time per level.
                   A        B        C        D        E       F      G
               +--------+--------+--------+--------+--------+-----+--------+
         Total |   2145 |   2116 |     29 |     40 |   1756 |   2 | 1072.5 |
       Dungeon |   2145 |   2116 |     29 |     40 |   1756 |   2 | 1072.5 |
               +--------+--------+--------+--------+--------+-----+--------+

Top non-repeatable levels by time:
     D:1: 1708 daAuts
     D:2: 437 daAuts
